 Dungeon Crawl Stone Soup version 0.24.0-13-gcf9b319 (webtiles) character file.

Game seed: 16700792126786845774, levelgen mode: deterministic

116 Bronimir the Stinger (level 5, -1/31 HPs)
             Began as an Octopode Venom Mage on Mar 11, 2020.
             Slain by an orc priest (5 damage)
             ... on level 3 of the Dungeon.
             The game lasted 00:04:02 (2021 turns).

Bronimir the Stinger (Octopode Venom Mage)          Turns: 2021, Time: 00:04:03

Health: -1/31      AC:  1    Str:  8    XL:     5   Next: 1%
Magic:  0/8        EV: 14    Int: 18    God:
Gold:   81         SH:  0    Dex: 12    Spells: 3/9 levels left

rFire    . . .     SeeInvis .   a - +0 mace
rCold    . . .     Gourm    .   (no shield)
rNeg     . . .     Faith    .   (helmet restricted)
rPois    .         Spirit   .   (no amulet)
rElec    .         Reflect  .   (no ring)
rCorr    .         Harm     .   (no ring)
MR       .....                  (no ring)
Stlth    +++.......             (no ring)
HPRegen  0.10/turn              (no ring)
MPRegen  0.11/turn              (no ring)
                                (no ring)
                                (no ring)

@: very slightly contaminated
A: almost no armour, stealthy swim, amphibious, 8 rings, constrict 8, camouflage
1, gelatinous body 1
a: no special abilities


You were on level 3 of the Dungeon.
You were very hungry.

You visited 1 branch of the dungeon, and saw 3 of its levels.

You collected 81 gold pieces.

Inventory:

Hand Weapons
 a - a +0 mace (weapon)
 b - a +0 hunting sling
 h - a +0 club
Missiles
 c - 61 stones
 f - 18 arrows
 o - 9 poisoned darts (quivered)
Scrolls
 d - a scroll of identify {unknown}
 e - a scroll of random uselessness {unknown}
 g - a scroll of blinking {unknown}
 j - 2 scrolls of immolation {unknown}
 k - a scroll of amnesia {unknown}
 m - a scroll of enchant armour {unknown}
 n - a scroll of teleportation {unknown}
Potions
 i - a potion of agility {unknown}
Comestibles
 l - 3 rations


   Skills:
 + Level 0.2 Fighting
 + Level 0.3 Maces & Flails
 * Level 2.8 Dodging
 - Level 2.7 Stealth
 + Level 2.6 Spellcasting
 + Level 1.2 Conjurations
 + Level 1.1 Air Magic
 * Level 5.0 Poison Magic


You had 3 spell levels left.
You knew the following spells:

 Your Spells              Type           Power        Failure   Level  Hunger
a - Sting                 Conj/Pois      ##..         4%          1    #......
b - Poisonous Vapours     Pois/Air       ##....       7%          2    ##.....
c - Mephitic Cloud        Conj/Pois/Air  ##......     19%         3    ###....

Your spell library contained the following spells:

 Spells                   Type           Power        Failure   Level  Hunger
 Olgreb's Toxic Radiance  Pois           ###.....     22%         4    #####..
 Venom Bolt               Conj/Pois      ##........   77%         5    ######.


Dungeon Overview and Level Annotations

Branches:
Dungeon (3/15)

Altars:


Innate Abilities, Weirdness & Mutations

You cannot wear most types of armour.
You are very stealthy in the water. (Stealth+)
You are amphibious.
You can wear up to eight rings at the same time.
You can use your tentacles to constrict eight enemies at once.
Your skin changes colour to match your surroundings (Stealth+).
Your rubbery body absorbs attacks. (AC +1, EV +1)


Message History

The orc priest hits you.
* * * LOW HITPOINT WARNING * * *
The orc priest hits you but does no damage.
You hit the orc priest.
You kill the orc priest!
Your Air Magic skill increases to level 1!
Your Poison Magic skill increases to level 5!
You have reached level 5!
You feel stronger. The orc priest hits you.
* * * LOW HITPOINT WARNING * * *
Casting: Poisonous Vapours (safe; 7% risk of failure)
Confirm with . or Enter, or press ? or * to list all spells.
Aiming: Poisonous Vapours (safe; 7% risk of failure)
Press: ? - help, Dir - move target cursor, f - orc priest
Aim: an orc priest Poisonous vapours surround the orc priest!
The orc priest is engulfed in poison gas.
The orc priest is poisoned.
The orc priest hits you.
You die...

## . .. #.
#.# #.# ...
.)## #.. #o##
#.# #@)###..#
#>#.#.#.#####
#$##.........
#.##.##.#####
#.##.##.#
#.......#
#.##.##.#
#.##.##.# #
#.##.#


You could see an orc priest.

Vanquished Creatures
  An orc priest (D:3)
  Jessica (D:3)
  2 adders (D:2)
  A worm (D:2)
  A dart slug (D:1)
  An orc (D:3)
  A ball python (D:1)
  3 giant cockroaches
  6 goblins
  2 hobgoblins (D:2)
  4 jackals (D:1)
  3 kobolds
  A quokka (D:2)
  6 bats
  A frilled lizard (D:1)
  2 rats
36 creatures vanquished.

Notes
Turn   | Place    | Note
-------+----------+-------------------------------------------
     0 | D:1      | Bronimir the Octopode Venom Mage began the quest for the
                  | Orb.
     0 | D:1      | Reached XP level 1. HP: 11/11 MP: 3/3
   138 | D:1      | Reached XP level 2. HP: 15/17 MP: 0/5
   265 | D:1      | Learned a level 2 spell: Poisonous Vapours
   550 | D:1      | Reached skill level 4 in Poison Magic
  1073 | D:2      | Reached XP level 3. HP: 21/21 MP: 1/6
  1534 | D:2      | Learned a level 3 spell: Mephitic Cloud
  1551 | D:2      | Reached XP level 4. HP: 13/27 MP: 3/7
  1996 | D:3      | Noticed Jessica
  2000 | D:3      | Killed Jessica
  2020 | D:3      | Reached skill level 1 in Air Magic
  2020 | D:3      | Reached skill level 5 in Poison Magic
  2020 | D:3      | Reached XP level 5. HP: 8/31 MP: 2/8
  2021 | D:3      | Slain by an orc priest

Levels and vault maps discovered:
D:1:      ncdulo_smallfort, layout_basic
D:2:      layout_loops_ring
D:3:      layout_loops_cross, roderic_lattice_a, nicolae_ru_awakened_eye,
          uniq_jessica, uniq_grinder, uniq_ijyb, uniq_terence

Skill      XL: |  1  2  3  4 |
---------------+-------------+-----
Poison Magic   | 4 5 |  5.0
Air Magic      | 1 |  1.1
Fighting       | |  0.2
Maces & Flails | |  0.3
Dodging        | |  2.8
Stealth        | |  2.7
Spellcasting   | |  2.6
Conjurations   | |  1.2

Action                   |  1- 3 |  4- 6 || total
-------------------------+-------+-------++-------
Melee: Club              |    10 |       ||    10
       Constrict         |    12 |     1 ||    13
       Tentacles         |     5 |     1 ||     6
       Mace              |    26 |     6 ||    32
 Cast: Sting             |     7 |       ||     7
       Poisonous Vapours |    18 |     5 ||    23
       Mephitic Cloud    |     1 |     1 ||     2
 Stab: Sleeping          |     2 |       ||     2
       Confused          |     1 |       ||     1
  Eat: Chunk             |     3 |     1 ||     4
Armor: Skin              |     1 |       ||     1
Dodge: Dodged            |    30 |     4 ||    34
